 Dungeon Crawl Stone Soup version 0.21.1-1-g345015fe64 (webtiles) character file.

10207 Kejsarherre the Cleaver (level 11, -18/106 HPs)
             Began as a Deep Dwarf Fighter on May 13, 2018.
             Was an Elder of Makhleb.
             Killed from afar by a lich (70 damage)
             ... with a crystal spear
             ... on level 1 of the Abyss.
             The game lasted 00:12:33 (7100 turns).

Kejsarherre the Cleaver (Deep Dwarf Fighter)        Turns: 7100, Time: 00:12:34

Health: -18/106    AC: 24    Str: 23    XL:     11   Next: 33%
Magic:  8/8        EV:  7    Int:  9    God:    Makhleb [****..]
Gold:   229        SH:  0    Dex: 12    Spells: 10/10 levels left

rFire    . . .     SeeInvis .   B - +0 battleaxe
rCold    . . .     Gourm    .   (shield currently unavailable)
rNeg     . . .     Faith    .   v - +0 plate armour
rPois    .         Spirit   .   F - +0 helmet
rElec    .         Reflect  .   (no cloak)
rCorr    .         Harm     +   r - +0 pair of gloves
MR       +....                  I - +0 pair of boots {run}
Stlth    ..........             H - amulet of harm
HPRegen  0.00/turn              m - ring of flight
MPRegen  0.11/turn              q - +5 ring of protection

@: non-regenerating, quick
A: damage resistance, heal wounds, deterioration 1, [low mp 1], sense
surroundings 2, subdued magic 1, no regeneration
a: Heal Wounds, Minor Destruction, Lesser Servant of Makhleb, Major Destruction,
Renounce Religion, Evoke Flight


You were on level 1 of the Abyss.
You worshipped Makhleb.
Makhleb was greatly pleased with you.
You were hungry.

You visited 1 branch of the dungeon, and saw 10 of its levels.
You visited the Abyss 1 time.

You collected 476 gold pieces.
You spent 247 gold pieces at shops.

Inventory:

Hand Weapons
 B - a +0 battleaxe (weapon)
Armour
 r - a +0 pair of gloves (worn)
 v - a +0 plate armour (worn)
 F - a +0 helmet (worn)
 I - a +0 pair of boots of running (worn)
Jewellery
 m - a ring of flight (left hand)
 q - a +5 ring of protection (right hand)
 H - an amulet of harm (around neck)
Wands
 n - a wand of enslavement (15)
 p - a wand of iceblast (23)
 y - a wand of scattershot (5)
 D - a wand of paralysis (12)
Scrolls
 a - a scroll of enchant armour {unknown}
 b - a scroll of amnesia
 c - 2 scrolls of fear
 g - 2 scrolls of noise {unknown}
 h - 2 scrolls of teleportation
 j - 3 scrolls of identify
 o - 4 scrolls of remove curse
 s - a scroll of brand weapon {unknown}
 A - 3 scrolls of blinking
 E - a scroll of magic mapping
 G - a scroll of torment {unknown}
Potions
 d - 2 potions of might
 e - 7 potions of curing
 i - 2 potions of resistance
 k - 2 potions of ambrosia
 l - 3 potions of lignification
 t - 2 potions of heal wounds
 w - a potion of invisibility
 z - 2 potions of agility
 C - 3 potions of brilliance
 K - a potion of flight {unknown}
 L - a potion of haste
Books
 u - a book of Flames

   Spells                             Type                      Level
   a - Flame Tongue                   Conjuration/Fire             1
   b - Throw Flame                    Conjuration/Fire             2
   c - Conjure Flame                  Conjuration/Fire             3
   d - Inner Flame                    Hexes/Fire                   3
   e - Sticky Flame                   Conjuration/Fire             4
   f - Fireball                       Conjuration/Fire             5
 x - a book of Maledictions

   Spells                             Type                      Level
   a - Corona                         Hexes                        1
   b - Ensorcelled Hibernation        Hexes/Ice                    2
   c - Confuse                        Hexes                        3
   d - Tukima's Dance                 Hexes                        3
   e - Dazzling Spray                 Conjuration/Hexes            3
Comestibles
 f - 16 rations


   Skills:
 - Level 9.0 Fighting
 + Level 12.3 Axes
 - Level 10.3 Armour
   Level 3.2 Shields
 - Level 6.9 Invocations


You had 10 spell levels left.
You didn't know any spells.

Dungeon Overview and Level Annotations

Branches:
Dungeon (10/15)            Temple (0/1) D:6
   Lair: D:8-11         Orc: D:9-12

Altars:
Cheibriados
Makhleb
Sif Muna
Trog
Uskayaw
Xom
The Shining One

Shops:
D:8 }   D:10 [

Annotations:
D:10 Psyche


Innate Abilities, Weirdness & Mutations

You are resistant to damage.
You can heal yourself by infusing magical energy.
You passively map the area around you.
You do not regenerate.
Your body sometimes deteriorates upon taking damage.
Your spells are a little easier to cast, but a little less powerful.
[Your magical capacity is low. (-10% MP)]


Message History

Your orange demon stings the lich but does no damage.
Your orange demon hits the lich but does no damage.
The lich gestures at you while chanting.
You resist with significant effort. Something bites your orange demon.
Something shocks your orange demon!
Your orange demon dies!
You hit the lich but do no damage.
The lich is lightly damaged.
The lich completely misses you.
Unknown command.
You hit the lich but do no damage.
The lich is lightly damaged.
The lich touches you but does no damage.
Unknown command.
You hit the lich but do no damage.
The lich is lightly damaged.
The lich gestures at you while chanting.
The crystal spear hits you!
Ouch! That really hurt!
You die...

# #.#####
#.h..#
########4####
.##........#
##
#.#..#..##L##
. #
#....####@# #.
. # #.
.##....#.....#
...# .#
#..#.####.#..#
....# # ..##.
#. ##.#.# ##
... ## ### . #
.. # .###...
... ## . #..
##... #.. .#.
. . # ##. ....
.#. . . . ...


You could see a lich.

Vanquished Creatures
  Harold (D:10)
  Erolcha (D:9)
  Erica (D:8)
  Nergalle (D:10)
  A wretched star (Abyss:1)
  Pikel (D:9)
  A cyclops (D:9)
  Grinder (D:6)
  Prince Ribbit (D:9)
  A centaur simulacrum (D:10)
  A yak (D:7)
  A wyvern (D:8)
  3 hogs (D:7)
  2 neqoxecs (Abyss:1)
  2 hungry ghosts
  A human (D:7)
  Edmund (D:4)
  A large abomination (Abyss:1)
  Duvessa (D:7)
  An orc warrior (D:6)
  4 ice beasts
  A sky beast (D:9)
  5 phantoms
  6 ogres
  4 centaurs
  2 big kobolds
  5 bullfrogs
  Blork the orc (D:4)
  2 gnoll sergeants
  Dowan (D:7)
  2 scorpions
  A small abomination (Abyss:1)
  The ghost of Peloso the Skirmisher, a weakling DsFi (D:4)
  4 howler monkeys (D:7)
  A crimson imp (D:6)
  A centaur skeleton (D:8)
  3 hounds
  5 orc priests
  A jelly (D:8)
  An iguana (D:6)
  Ijyb (D:3)
  Natasha (thrice) (D:4 D:5)
  3 worker ants
  11 orc wizards
  A killer bee zombie (D:8)
  A bullfrog simulacrum (D:10)
  A worker ant zombie (D:8)
  10 gnolls
  8 adders
  A howler monkey skeleton (D:4)
  2 shadow imps (D:6)
  2 white imps (D:10)
  An adder zombie (D:6)
  An adder skeleton (D:7)
  A worm (D:4)
  3 dart slugs
  A leopard gecko (D:5)
  37 orcs
  5 giant cockroaches
  10 goblins
  11 hobgoblins
  9 jackals
  15 kobolds
  3 quokkas
  7 bats
  6 frilled lizards
  2 quokka skeletons
  7 rats
238 creatures vanquished.

Notes
Turn   | Place    | Note
-------+----------+-------------------------------------------
     0 | D:1      | Kejsarherre the Deep Dwarf Fighter began the quest for the Orb.
     0 | D:1      | Reached XP level 1. HP: 20/20 MP: 1/1
   233 | D:1      | Reached XP level 2. HP: 27/27 MP: 2/2
   236 | D:1      | Reached skill level 3 in Axes
   624 | D:1      | Reached XP level 3. HP: 28/34 MP: 3/3
  1349 | D:2      | Reached skill level 4 in Axes
  1618 | D:2      | Reached XP level 4. HP: 29/42 MP: 4/4
  1921 | D:3      | Found a faded altar of an unknown god.
  1973 | D:3      | Noticed Ijyb
  1985 | D:3      | Killed Ijyb
  2022 | D:3      | Found a burning altar of Makhleb.
  2082 | D:3      | Became a worshipper of Makhleb the Destroyer
  2118 | D:4      | Reached XP level 5. HP: 43/50 MP: 5/5
  2156 | D:4      | Reached skill level 5 in Axes
  2446 | D:4      | Noticed a phantom
  2476 | D:4      | Killed a phantom
  2476 | D:4      | Reached skill level 6 in Axes
  2476 | D:4      | Reached XP level 6. HP: 35/57 MP: 6/6
  2633 | D:4      | Noticed Peloso's ghost (weakling DsFi)
  2645 | D:4      | Killed Peloso's ghost
  2645 | D:4      | Reached skill level 7 in Axes
  2645 | D:4      | Reached XP level 7. HP: 33/66 MP: 7/7
  2691 | D:4      | Noticed Blork the orc
  2694 | D:4      | Killed Blork the orc
  2695 | D:4      | Noticed Edmund
  2714 | D:4      | Killed Edmund
  2714 | D:4      | Reached skill level 5 in Fighting
  2720 | D:4      | Found a deep blue altar of Sif Muna.
  2742 | D:4      | Noticed Natasha
  2748 | D:4      | Killed Natasha
  2750 | D:4      | Found a snail-covered altar of Cheibriados.
  2787 | D:4      | Noticed Natasha
  2802 | D:4      | Killed Natasha
  2866 | D:4      | Reached * piety under Makhleb
  2866 | D:4      | Reached skill level 8 in Axes
  2890 | D:5      | Entered Level 5 of the Dungeon
  2895 | D:5      | Noticed Natasha
  2907 | D:5      | Killed Natasha
  2981 | D:5      | Reached XP level 8. HP: 53/75 MP: 8/8
  3114 | D:5      | Reached skill level 9 in Axes
  3223 | D:6      | Noticed Grinder
  3244 | D:6      | Paralysed by Grinder for 7 turns
  3253 | D:6      | Paralysed by Grinder for 5 turns
  3267 | D:6      | Killed Grinder
  3267 | D:6      | Reached skill level 10 in Axes
  3275 | D:6      | Found a hide-covered altar of Uskayaw.
  3310 | D:6      | Found a staircase to the Ecumenical Temple.
  3381 | D:6      | Reached ** piety under Makhleb
  3947 | D:6      | Reached skill level 1 in Invocations
  3963 | D:6      | Gained mutation: You passively map the area around you. [Deep Dwarf growth]
  3963 | D:6      | Reached XP level 9. HP: 32/85 MP: 6/8
  4208 | D:7      | Found a bloodstained altar of Trog.
  4334 | D:7      | Noticed Duvessa
  4335 | D:7      | Noticed Dowan
  4340 | D:7      | Killed Duvessa
  4349 | D:7      | Reached skill level 5 in Invocations
  4362 | D:7      | Killed Dowan
  4658 | D:7      | Reached skill level 5 in Armour
  4919 | D:8      | Found a glowing golden altar of the Shining One.
  5077 | D:8      | Noticed Erica
  5085 | D:8      | Killed Erica
  5085 | D:8      | Reached XP level 10. HP: 75/96 MP: 11/11
  5091 | D:8      | Reached *** piety under Makhleb
  5241 | D:8      | Found a snail-covered altar of Cheibriados.
  5422 | D:8      | Found Plog's Gadget Emporium.
  5757 | D:9      | Noticed Prince Ribbit
  5783 | D:9      | Killed Prince Ribbit
  5794 | D:9      | Found a shimmering altar of Xom.
  5819 | D:9      | Noticed a cyclops
  6076 | D:9      | Noticed Erolcha
  6083 | D:9      | Killed Erolcha
  6168 | D:9      | Killed a cyclops
  6168 | D:9      | Reached skill level 10 in Armour
  6333 | D:9      | Noticed Pikel
  6366 | D:9      | Killed Pikel
  6452 | D:10     | Entered Level 10 of the Dungeon
  6482 | D:10     | Reached XP level 11. HP: 84/106 MP: 11/11
  6507 | D:10     | Noticed Harold
  6525 | D:10     | Killed Harold
  6525 | D:10     | Reached skill level 11 in Axes
  6541 | D:10     | Noticed Nergalle
  6547 | D:10     | Noticed a spectral orc warlord
  6553 | D:10     | Killed Nergalle
  6553 | D:10     | Reached **** piety under Makhleb
  6725 | D:10     | Found Sityoh's Antique Armour Shop.
  6733 | D:10     | Bought a pair of runed boots for 247 gold pieces
  6738 | D:10     | Identified a +0 pair of boots of running (You bought it in a shop on level 10 of the Dungeon)
  6934 | D:10     | Noticed Psyche
  6938 | D:10     | Cast into level 1 of the Abyss (Psyche)
  6968 | Abyss:1  | Noticed a wretched star
  6979 | Abyss:1  | Killed a wretched star
  6979 | Abyss:1  | Reached skill level 12 in Axes
  7009 | Abyss:1  | Gained mutation: Your body sometimes deteriorates upon taking damage. [a neqoxec]
  7060 | Abyss:1  | Gained mutation: Your spells are a little easier to cast, but a little less powerful. [a neqoxec]
  7085 | Abyss:1  | Noticed a lich
  7088 | Abyss:1  | HP: 4/106 [lich/crystal spear (73)]
  7100 | Abyss:1  | Killed from afar by a lich

Skill      XL: |  1  2  3  4  5  6  7  8  9 10 11 |
---------------+----------------------------------+-----
Axes           | 3 4 6 7 8 10 12 | 12.3
Fighting       | 3 4 5 6 7 9 |  9.0
Invocations    | 2 6 |  6.9
Armour         | 7 10 | 10.3
Shields        | |  3.2

Action                   |  1- 3 |  4- 6 |  7- 9 | 10-12 || total
-------------------------+-------+-------+-------+-------++-------
Melee: War axe           |   116 |   153 |   205 |       ||   474
       Battleaxe         |       |       |   170 |   261 ||   431
Invok: Minor Destruction |       |       |     3 |     9 ||    12
       Lesser Servant of |       |       |       |     1 ||     1
 Abil: Heal Wounds       |       |     3 |    16 |     8 ||    27
Evoke: Wand              |       |       |     3 |       ||     3
  Use: Scroll            |       |       |    15 |       ||    15
  Eat: Chunk             |     2 |     4 |     7 |     4 ||    17
       Ration            |       |       |     5 |     1 ||     6
Armor: Scale mail        |    36 |       |       |       ||    36
       Chain mail        |    49 |    95 |   113 |       ||   257
       Plate armour      |       |       |   142 |   230 ||   372
Dodge: Dodged            |    73 |    54 |   140 |    91 ||   358
